Map: Catalyst LE

Players

tglanz - Winner!

  • Race: Protoss Protoss
  • Spawn Location: 5:00

A.I. 1 (Medium)

  • Race: Zerg Zerg
  • Spawn Location: 11:00

VOD

Have the link to the VOD?

Description

Time

  • Played on: June 17, 2018, 7:54 a.m.
  • Length: 7:42
Show
View Real Time Build Order
Export as new Build Order

tglanz Protoss - Winner!

Build Orders: 1 Gate Expand, Dark Templar Rush 

Get SALT Encoding   

  12  0:01  Probe  
  13  0:13  Probe  
  14  0:17  Pylon  
  14  0:25  Probe  
  15  0:28  Assimilator  
  15  0:37  Probe  
  16  0:46  Probe, Gateway  
  17  0:54  Probe  
  17  1:03  Probe  
  19  1:27  Nexus  
  19  1:30  Probe  
  20  1:40  Cybernetics Core  
  20  1:43  Probe  
  21  1:55  Pylon, Probe  
  21  1:59  Assimilator  
  22  2:05  Warp Gate  
  22  2:07  Probe  
  23  2:23  Twilight Council  
  23  2:33  Probe  
  24  2:41  Probe  
  25  2:49  Robotics Facility  
  25  2:59  Gateway  
  25  3:02  Gateway  
  25  3:08  Dark Shrine  
  25  3:11  Probe x2  
  27  3:23  Probe x2  
  29  3:33  Warp Prism  
  29  3:35  Probe x2  
  29  3:36  Pylon  
  31  3:47  Probe x2  
  35  4:07  Probe x2  
  37  4:17  Forge  
  37  4:22  Assimilator  
  37  4:23  Probe x2  
  39  4:33  Immortal  
  43  4:39  Probe x2  
  45  4:55  Nexus  
  45  4:56  Dark Templar x3  
  45  4:57  Pylon  
  43  5:08  Dark Templar x3  
  49  5:14  Probe x2  
  49  5:20  Assimilator  
  51  5:23  Immortal  
  55  5:37  Gateway  
  55  5:38  Gateway  
  55  5:40  Gateway  
  55  5:41  Gateway  
  55  5:42  Gateway  
  55  5:43  Gateway  
  55  6:04  Probe x2  
  57  6:08  Immortal  
  61  6:17  Probe x3  
  64  6:41  Probe  
  64  6:42  Probe x2  
  67  6:55  Probe  
  67  6:56  Probe x2  
Show
View Real Time Build Order
Export as new Build Order

A.I. 1 (Medium) Zerg 

Build Orders: Pool First 

Get SALT Encoding   

  12  0:01  Drone  
  13  0:12  Overlord  
  13  0:17  Drone  
  14  0:31  Drone  
  14  0:33  Drone  
  16  0:43  Spawning Pool  
  16  0:46  Drone  
  16  0:50  Drone  
  16  0:53  Extractor  
  16  0:56  Drone  
  17  1:06  Overlord  
  17  1:31  Zergling x2, Queen  
  20  1:38  Drone  
  20  1:39  Roach Warren  
  20  1:40  Extractor  
  19  1:49  Drone  
  19  1:50  Zergling x2  
  21  2:00  Drone  
  22  2:10  Overlord  
  22  2:21  Roach, Lair  
  24  2:40  Roach  
  26  2:53  Overlord  
  26  2:59  Roach  
  28  3:17  Roach  
  30  3:21  Drone  
  30  3:25  Drone  
  32  3:34  Overlord  
  32  3:36  Roach  
  32  3:39  Hydralisk Den  
  33  3:47  Drone  
  34  3:52  Drone  
  35  3:56  Drone  
  35  4:00  Drone  
  37  4:04  Drone  
  37  4:08  Hydralisk  
  40  4:13  Baneling Nest  
  40  4:15  Drone  
  40  4:22  Evolution Chamber  
  40  4:24  Drone  
  40  4:27  Hydralisk  
  42  4:45  Hydralisk  
  44  5:48  Hydralisk  
  41  6:03  Queen  
  41  6:05  Drone  
  41  6:07  Hydralisk  
  41  6:08  Drone  
  41  6:11  Drone  
  39  6:14  Drone  
  39  6:17  Drone  
  39  6:19  Drone  
  39  6:22  Drone  
  34  6:26  Zergling x2  
  29  6:45  Roach  
  31  6:57  Overlord, Drone  
  31  7:00  Drone  
  30  7:07  Hatchery  
  27  7:08  Spore Crawler  
Tags
 
Add a new tag
Caveats
  • Supply blocks, unpowered buildings, or Contaminate may cause inaccurate times.
  • Supply counts are checked every 10 seconds.